 Dungeon Crawl Stone Soup version 0.24.0-13-gcf9b3192b9 (webtiles) character file.

Game seed: 16540423089273725623, levelgen mode: deterministic

41672 Lanoc the Fighter (level 13, -1/105 HPs)
             Began as a Purple Draconian Wanderer on Nov 5, 2019.
             Was the Champion of Hepliaklqana.
             Slain by a death scarab (30 damage)
             ... in a Gauntlet on Nov 6, 2019.
             The game lasted 01:21:46 (23792 turns).

Lanoc the Fighter (Purple Draconian Wanderer)      Turns: 23792, Time: 01:21:49

Health: -1/105     AC: 13    Str: 14    XL:     13   Next: 81%
Magic:  20/21      EV: 18    Int: 16    God:    Hepliaklqana [******]
Gold:   559        SH:  6    Dex: 13    Spells: 11/14 levels left

rFire    . . .     SeeInvis +   s - +9 staff of Olgreb {rPois}
rCold    . . .     Gourm    .   t - +1 buckler
rNeg     . . .     Faith    .   (armour unavailable)
rPois    ∞         Spirit   .   (helmet restricted)
rElec    .         Reflect  .   (no cloak)
rCorr    .         Harm     .   A - +1 pair of gloves {archery}
MR       +....     NoTele   +   j - +2 pair of boots of the Assassin {Detection Stab+ Stlth++}
Stlth    +++.......             (no amulet)
HPRegen  0.27/turn              p - ring of see invisible
MPRegen  0.17/turn              l - ring of flight

@: hasted and slowed
A: breathe power, unfitting armour, reduced essence, cold-blooded, AC +8
a: Breathe Dispelling Energy, Recall Ancestor, Ancestor Identity, Transference,
Idealise, Renounce Religion, Evoke Flight


You were in a Gauntlet.
You worshipped Hepliaklqana.
Hepliaklqana was exalted by your worship.
You were not hungry.

You visited 4 branches of the dungeon, and saw 19 of its levels.
You also visited: Gauntlet and Ice Cave.

You collected 1287 gold pieces.
You spent 728 gold pieces at shops.

Inventory:

Hand Weapons
 s - the +9 staff of Olgreb (weapon) {rPois}
   (You found it on level 5 of the Dungeon)

   It protects you from poison.
Armour
 i - a +2 large shield of cold resistance
 j - the +2 pair of boots of the Assassin (worn) {Detection Stab+ Stlth++}
   (You acquired it on level 10 of the Dungeon)

   It makes you much more stealthy.
 t - a +1 buckler (worn)
 A - a +1 pair of gloves of archery (worn)
 H - a +2 pair of boots
Jewellery
 l - a ring of flight (right hand)
 p - a ring of see invisible (left hand)
 v - the amulet "Sivvugat" {RegenMP Int+6, unknown}
   (You found it in a Gauntlet)

   [amulet of magic regeneration]

   It increases your magic regeneration.
   It affects your intelligence (+6).
Wands
 n - a wand of polymorph (28)
 r - a wand of random effects (19)
 w - a wand of acid (1)
 x - a wand of flame (22)
 y - a wand of paralysis (8)
 L - a wand of scattershot (14)
Scrolls
 a - 2 scrolls of magic mapping
 b - 3 scrolls of amnesia
 d - 8 scrolls of remove curse
 g - 7 scrolls of teleportation
 h - 4 scrolls of enchant weapon
 k - 3 scrolls of fear
 o - 2 scrolls of enchant armour
 C - 2 scrolls of immolation {unknown}
 I - a scroll of silence {unknown}
 K - a scroll of fog {unknown}
Potions
 c - 2 potions of mutation
 e - 2 potions of curing
 m - 3 potions of lignification {unknown}
 q - 3 potions of might
 u - a potion of flight {unknown}
 z - 3 potions of degeneration {unknown}
 B - 3 potions of cancellation
 E - a potion of haste
 G - a potion of berserk rage
Comestibles
 f - 31 rations


   Skills:
 + Level 11.8 Fighting
 * Level 10.3 Staves
   Level 2.6 Crossbows
 + Level 9.8 Dodging
 + Level 0.0 Stealth
 * Level 6.9 Shields
 - Level 1.2 Spellcasting
   Level 2.0 Ice Magic
 * Level 10.7 Poison Magic
 + Level 11.1 Evocations


You had 11 spell levels left.
You knew the following spells:

 Your Spells              Type           Power        Failure   Level  Hunger
a - Mephitic Cloud        Conj/Pois/Air  ###.....     16%         3    ####...

Your spell library contained the following spells:

 Spells                   Type           Power        Failure   Level  Hunger
 Flame Tongue             Conj/Fire      #....        22%         1    ##.....
 Magic Dart               Conj           #...         22%         1    ##.....
 Shock                    Conj/Air       #...         22%         1    ##.....
 Summon Small Mammal      Summ           #...         22%         1    ##.....
 Blink                    Tloc           N/A          34%         2    ###....
 Call Imp                 Summ           #.......     34%         2    ###....
 Slow                     Hex            #.......     34%         2    ###....
 Swiftness                Chrm/Air       #.......     34%         2    ###....
 Call Canine Familiar     Summ           #.......     56%         3    ####...
 Conjure Flame            Conj/Fire      #.......     56%         3    ####...
 Static Discharge         Conj/Air       #.......     56%         3    ####...
 Summon Guardian Golem    Hex/Summ       #.......     56%         3    ####...
 Summon Ice Beast         Ice/Summ       #.......     83%         4    #####..
 Airstrike                Air            #.........   92%         4    #####..
 Cause Fear               Hex            #.........   92%         4    #####..
 Summon Lightning Spire   Summ/Air       #.......     92%         4    #####..
 Lightning Bolt           Conj/Air       #.........   99%         5    ######.
 Bolt of Fire             Conj/Fire      #.........   100%        6    #######
 Dragon Form              Tmut           #.........   100%        7    #######
 Dragon's Call            Summ           #.........   100%        9    #######


Dungeon Overview and Level Annotations

Branches:
Dungeon (13/15)            Temple (1/1) D:4            Lair (3/6) D:11
 Shoals (0/4) Lair:2          Orc (2/2) D:9             Elf (0/3) Orc:2
 Vaults (0/5) D:13          IceCv (visited)         Gauntlet (1/1)
  Snake: Lair:2-4    Spider: Lair:2-4

Altars:
Ashenzari
Cheibriados
Dithmenos
Elyvilon
Fedhas
Gozag
Hepliaklqana
Kikubaaqudgha
Makhleb
Nemelex Xobeh
Okawaru
Sif Muna
Trog
Vehumet
Wu Jian
Xom
Yredelemnul
Zin
The Shining One
Beogh

Shops:
D:10 *[:   D:13 [   Orc:2 :[*

Annotations:
D:5 1 runed translucent door Gauntlet 15 transporters, exclusion: ice statue


Innate Abilities, Weirdness & Mutations

You can breathe bolts of dispelling energy.
Your rich purple scales are hard. (AC +8)
You cannot fit into any form of body armour.
You are cold-blooded and may be slowed by cold attacks.
Your life essence is reduced to manifest your ancestor. (-10% HP)


Message History

Aim: a death scarab (chance to defeat MR: 39%)
The death scarab resists with some effort.
The death scarab bites you!!
The death scarab draws strength from your injuries!
The death scarab bites you!! The death scarab drains your vigour!
You feel yourself slow down.
The death scarab draws strength from your injuries!
The rime drake enters a dispersal trap!
The rime drake blinks!
You feel yourself speed up. You block the death scarab's attack.
The death scarab closely misses you.
The death scarab waves its antennae.
You block the death scarab's attack.
The rime drake hisses angrily.
The death scarab bites you!
* * * LOW HITPOINT WARNING * * *
The death scarab drains your vigour!
You feel as though you will be slow longer.
The death scarab draws strength from your injuries!
The death scarab bites you!!
You die...

#8#..###########...###########.
###..#.........#...#.^...^..^#.
#....#s##...##.#.∩.#.#.#.#.#^#.
###....#.#.#.#.#.#...#..#.#.#..#.
#8#..###.Z##.##..#...#^#.#.#^#?##
###..#©#©.#.©.#..#©.©#..#.©^#8©#©
#..#.#$.##.##..#...#k#^#.#^#!#.
###..#.#.#.#.#.#.#...#.^#.#^#..#.
#8#..#.#.##...##@#...#.#.#^#.#^#.
###..#.#......Zs.#...#.........#.
.....#.###########...###########.
.....#.#...........§...........#.
######.#######....≈8≈....#######.
©...........©#.....≈.....#©......
##################...############
..w..#.#........Q#...#..h......#.
.....#.#..##.##..#...#..##.##..#.


You could see a spectral five-headed hydra, a rime drake, a death scarab and a
tengu conjurer.

Vanquished Creatures
  An orc warlord (Orc:2)
  2 hydras
  2 centaur warriors
  2 two-headed ogres
  An orc high priest (Orc:2)
  An unseen horror (D:11)
  5 orc knights
  3 manticores
  An orc sorcerer (Orc:2)
  2 ugly things (IceCv)
  2 ice statues (IceCv)
  A gargoyle (D:13)
  4 komodo dragons
  Grinder (D:5)
  2 trolls (Orc:2)
  3 blink frogs (Lair:1)
  7 hippogriffs
  A vampire (D:12)
  5 wraiths
  A shadow (D:11)
  A wyvern (D:12)
  A spriggan (D:7)
  21 yaks
  4 basilisks (Lair:2)
  2 hungry ghosts
  2 vampire mosquitoes (D:12)
  4 wargs
  3 soldier ants (D:5)
  7 water moccasins
  Duvessa (D:5)
  49 orc warriors
  4 porcupines
  2 sky beasts
  A phantom (D:7)
  A black bear (D:8)
  3 ice beasts (IceCv)
  A wolf (Lair:2)
  14 ogres
  20 centaurs
  4 crocodiles
  6 bullfrogs
  A big kobold (D:10)
  A wyvern zombie (D:12)
  Dowan (D:5)
  A water moccasin zombie (D:12)
  4 scorpions
  15 killer bees
  17 wights
  A hexer (D:12)
  4 bullfrog zombies
  A crimson imp (D:13)
  2 centaur zombies
  2 quasits
  4 jellies
  3 centaur skeletons
  13 orc priests
  4 hounds
  30 orc wizards
  2 iguanas
  Ijyb (D:5)
  13 worker ants
  2 worker ant zombies
  8 gnolls
  10 adders
  3 shadow imps
  An ooze (D:3)
  3 worms
  A dart slug (D:1)
  9 leopard geckos
  101 orcs
  7 giant cockroaches
  5 goblins
  6 hobgoblins
  6 jackals
  13 kobolds
  4 quokkas
  A ball python (D:5)
  4 bats
  5 frilled lizards
  A jackal skeleton (D:7)
  A leopard gecko zombie (D:5)
  A quokka skeleton (D:6)
  A quokka zombie (D:6)
  3 rats
514 creatures vanquished.

Vanquished Creatures (collateral kills)
  Josephine (Orc:2)
  A two-headed ogre (D:13)
  A spiny frog (Lair:2)
  A hornet (D:9)
  A slime creature (D:12)
  Sigmund (D:4)
  A wraith (Orc:1)
  3 yaks
  4 soldier ants (D:5)
  2 water moccasins
  6 orc warriors
  6 ice beasts
  An ogre (D:4)
  3 centaurs
  A big kobold (D:8)
  4 bullfrogs
  2 killer bees (D:5)
  5 wights
  A jelly (D:12)
  4 orc priests
  2 hounds (D:5)
  An iron imp (D:6)
  4 orc wizards
  3 worker ants
  A killer bee zombie (D:6)
  3 gnolls
  4 adders
  A leopard gecko (D:9)
  10 orcs
  A giant cockroach (D:3)
  A goblin (D:3)
  2 quokkas
82 creatures vanquished.

Vanquished Creatures (others)
  25 hexers
  10 ancestors
  2 fungi (Lair:2)
  A plant (Lair:2)
38 creatures vanquished.

Grand Total: 634 creatures vanquished

Notes
Turn   | Place    | Note
-------+----------+-------------------------------------------
     0 | D:1      | Lanoc the Draconian Wanderer began the quest for the Orb.
     0 | D:1      | Lanoc set off with the following items: a +0 club, a wand
                  | of random effects (15), a ration; and the following spells
                  | available to memorise: Flame Tongue, Magic Dart, Blink,
                  | Call Imp, Slow, Conjure Flame, Mephitic Cloud
     0 | D:1      | Reached XP level 1. HP: 17/17 MP: 2/2
   624 | D:1      | Reached XP level 2. HP: 18/25 MP: 3/3
  1187 | D:2      | Reached skill level 1 in Dodging
  1438 | D:2      | Reached XP level 3. HP: 24/30 MP: 4/4
  2242 | D:2      | Found an iron altar of Okawaru.
  2242 | D:2      | Found a bloodstained altar of Trog.
  2359 | D:2      | Reached XP level 4. HP: 29/38 MP: 6/6
  2702 | D:2      | HP: 1/38 [poisoned by an adder]
  3223 | D:3      | Found a hazy altar of Hepliaklqana.
  3256 | D:3      | Became a worshipper of Hepliaklqana the Forgotten
  3424 | D:3      | Reached XP level 5. HP: 14/41 MP: 7/7
  4642 | D:4      | Reached XP level 6. HP: 44/46 MP: 8/8
  4683 | D:4      | Reached skill level 1 in Shields
  5145 | D:4      | Noticed Sigmund
  5163 | D:4      | Killed Sigmund
  5163 | D:4      | Reached skill level 5 in Fighting
  5163 | D:4      | Your scales start taking on a rich purple colour.
  5163 | D:4      | Reached XP level 7. HP: 29/54 MP: 10/10
  5280 | D:4      | Found a glowing silver altar of Zin.
  5281 | D:4      | Noticed an angel
  5581 | D:4      | Found a staircase to the Ecumenical Temple.
  5592 | Temple   | Entered the Ecumenical Temple
  5755 | D:5      | Entered Level 5 of the Dungeon
  5794 | D:5      | Noticed Ijyb
  5806 | D:5      | Killed Ijyb
  5821 | D:5      | Noticed Dowan
  5822 | D:5      | Noticed Duvessa
  5839 | D:5      | Killed Duvessa
  5841 | D:5      | Killed Dowan
  5841 | D:5      | Reached XP level 8. HP: 63/63 MP: 11/11
  5870 | D:5      | Found a radiant altar of Vehumet.
  5900 | D:5      | Reached * piety under Hepliaklqana
  5910 | D:5      | Found the +9 staff of Olgreb {rPois}
  6040 | D:5      | Found a runed translucent gate.
  6040 | D:5      | Found a runed translucent gate.
  6041 | D:5      | Found a runed translucent door.
  6051 | D:5      | Found a runed translucent gate.
  6059 | D:5      | Found a runed translucent door.
  6073 | D:5      | Noticed Grinder
  6143 | D:5      | Killed Grinder
  6143 | D:5      | Reached skill level 5 in Dodging
  6143 | D:5      | Reached skill level 5 in Evocations
  6984 | D:5      | Reached XP level 9. HP: 43/72 MP: 13/13
  8070 | D:5      | Learned a level 3 spell: Mephitic Cloud
  8177 | D:6      | Reached skill level 1 in Poison Magic
  8248 | D:6      | Reached skill level 1 in Staves
  8297 | D:6      | Found a snail-covered altar of Cheibriados.
  8345 | D:6      | Reached ** piety under Hepliaklqana
  8346 | D:6      | Remembered your ancestor Hsekiu as a hexer
  8511 | D:6      | Found a shimmering blue altar of Sif Muna.
  8874 | D:6      | Found an ancient bone altar of Kikubaaqudgha.
  8881 | D:6      | Found an opulent altar of Gozag.
  9383 | D:7      | Found a burning altar of Makhleb.
  9505 | D:7      | Reached *** piety under Hepliaklqana
  9695 | D:7      | Reached XP level 10. HP: 48/81 MP: 14/16
  9709 | D:7      | Noticed a two-headed ogre
  9740 | D:7      | Killed a two-headed ogre
 10215 | D:8      | Found a sparkling altar of Nemelex Xobeh.
 10245 | D:8      | Identified the cursed +3 flail of the Old World {antimagic,
                  | Str+7} (You found it on level 8 of the Dungeon)
 10370 | D:8      | Found an ornate altar of the Wu Jian Council.
 10595 | D:8      | Reached skill level 5 in Poison Magic
 10861 | D:9      | Found a staircase to the Orcish Mines.
 11024 | D:9      | Found a blossoming altar of Fedhas.
 11297 | D:9      | Reached XP level 11. HP: 88/89 MP: 12/17
 11303 | D:9      | Reached skill level 5 in Staves
 11491 | D:9      | Reached **** piety under Hepliaklqana
 11808 | D:10     | Entered Level 10 of the Dungeon
 11892 | D:10     | Found Zoxor's Book Emporium.
 12019 | D:10     | Reached skill level 10 in Fighting
 12026 | D:10     | Found Ipsyb's Armour Shoppe.
 12070 | D:10     | Found Liricwea's General Store.
 12411 | D:11     | Noticed an unseen horror
 12422 | D:11     | Killed an unseen horror
 12497 | D:11     | Reached ***** piety under Hepliaklqana
 12520 | D:11     | Noticed an eight-headed hydra
 12575 | D:11     | Killed an eight-headed hydra
 12768 | D:11     | Found a staircase to the Lair.
 13630 | D:12     | Noticed a two-headed ogre
 13636 | D:12     | Killed a two-headed ogre
 14053 | D:12     | Reached XP level 12. HP: 84/96 MP: 19/19
 14299 | D:12     | Reached skill level 10 in Evocations
 14632 | D:13     | Found a sparkling altar of Nemelex Xobeh.
 14660 | D:13     | Noticed a two-headed ogre
 14673 | D:13     | Killed a two-headed ogre
 15177 | D:13     | Found Deunuegg's Antique Armour Shoppe.
 15292 | D:13     | Noticed a centaur warrior
 15293 | D:13     | Noticed a two-headed ogre
 15318 | D:13     | Found a gate to the Vaults.
 15318 | D:13     | Noticed an ironheart preserver
 15327 | D:13     | Killed a centaur warrior
 16202 | Orc:1    | Entered Level 1 of the Orcish Mines
 16223 | Orc:1    | Found a frozen archway.
 16231 | Orc:1    | HP: 3/99 [orc knight/bolt (18)]
 16231 | Orc:1    | HP: 1/99 [orc warrior/boomerang (2)]
 16232 | IceCv    | Entered an ice cave
 16240 | IceCv    | Identified 2 scrolls of acquirement
 16269 | IceCv    | Found a transporter.
 16504 | IceCv    | Found a transporter.
 17760 | D:10     | Bought a scroll of acquirement for 728 gold pieces
 17762 | D:10     | Found the +2 pair of boots of the Assassin {Detection Stab+
                  | Stlth++}
 17839 | Orc:2    | Entered Level 2 of the Orcish Mines
 17858 | Orc:2    | Noticed an orc warlord
 18007 | Orc:2    | Killed an orc warlord
 18007 | Orc:2    | Reached skill level 5 in Shields
 18007 | Orc:2    | Reached XP level 13. HP: 91/104 MP: 2/20
 19749 | Orc:2    | Reached skill level 10 in Poison Magic
 19947 | Orc:2    | Found a staircase to the Elven Halls.
 20336 | Orc:2    | Found a roughly hewn altar of Beogh.
 20636 | Orc:2    | Found Regriunn's Armour Shoppe.
 20636 | Orc:2    | Found Akumikaq's Book Shop.
 20638 | Orc:2    | Found Jumum's Food Boutique.
 20640 | Orc:2    | Found Wommimpuo's General Store.
 20812 | Orc:1    | Noticed Josephine
 20838 | Orc:2    | Killed Josephine
 21626 | Lair:1   | Entered Level 1 of the Lair of Beasts
 21867 | Lair:1   | Reached skill level 10 in Staves
 22454 | Lair:2   | Found a staircase to the Shoals.
 23380 | Lair:3   | Found a gate leading to a gauntlet.
 23397 | Gauntlet | Entered a Gauntlet
 23397 | Gauntlet | Found a transporter.
 23397 | Gauntlet | Found a transporter.
 23401 | Gauntlet | Found a transporter.
 23401 | Gauntlet | Found a transporter.
 23407 | Gauntlet | Reached ****** piety under Hepliaklqana
 23410 | Gauntlet | Found a transporter.
 23429 | Gauntlet | Found a transporter.
 23439 | Gauntlet | Found a transporter.
 23439 | Gauntlet | Found a transporter.
 23442 | Gauntlet | Found a transporter.
 23469 | Gauntlet | Found a transporter.
 23478 | Gauntlet | Found a transporter.
 23498 | Gauntlet | Found a transporter.
 23544 | Gauntlet | Found a transporter.
 23560 | Gauntlet | Found the +2 ratskin cloak {+Rats rPois rN+ Str-1 Int-1
                  | Dex+1}
 23560 | Gauntlet | Found a transporter.
 23660 | Gauntlet | Found a transporter.
 23680 | Gauntlet | Found a transporter.
 23771 | Gauntlet | Got a faintly glowing steel amulet
 23792 | Gauntlet | Slain by a death scarab

Levels and vault maps discovered:
D:1:      saegor_arrival_simple_b, layout_loops_ring, kennysheep_nondescript
D:2:      layout_basic, gammafunk_temple_overflow_elements
D:3:      layout_loops_ring, lemuel_doored_altar
D:4:      layout_basic, zin_angel, minmay_temple_entry_statues_fountains,
          minmay_quadrilaterals, uniq_sigmund
D:5:      layout_loops_ring, kennysheep_mini, first_ration,
          minmay_guarded_unrand_staff_of_olgreb, uniq_grinder, uniq_ijyb,
          uniq_duvessa
D:6:      layout_layer_cave, slow_altar_2, amethyst_overflow_temple_binary,
          led_sif_book, minmay_misc_feat_nine_boxes,
          chequers_serial_rivers_small_b
D:7:      layout_cave_pods, the_bakery, makhleb_heckhound_becter
D:8:      layout_rooms, kennysheep_mini_moat, overflow_temple_1_default
D:9:      layout_basic, lemuel_round_altar, david_orc_1_choice
D:10:     layout_long_grid, serial_shops, shop_statue, shop,
          kennysheep_little_box
D:11:     layout_roguey, grunt_lair_entry_orc_guard_hut, hangedman_decor_push
D:12:     layout_stronghold, grunt_ministairs_5
D:13:     layout_layer_cave, skrybe_vaults_entry_preservation, basic_altar,
          serial_shops, shop
Temple:   eino_temple_lava
Lair:1:   layout_roguey, st_stairs_5, infiniplex_staircase_pool
Lair:2:   layout_regular_city, elwin_shoals_entry_rocks, st_stairs_11,
          grunt_megastairs_3
Lair:3:   layout_roguey, gauntlet_entry_generic, grunt_megastairs_1
Orc:1:    cheibrodos_orc_arena, layout_caves, enter_volcano_3,
          portal_ice_cave_entry_pillars_1, special_room [special_room_orc],
          uniq_josephine
Orc:2:    st_orc_rangers, layout_caves, basic_altar
Gauntlet: gammafunk_gauntlet_branching [gammafunk_gauntlet_arena_grid,
          gammafunk_gauntlet_arena_corners, nicolae_gauntlet_arena_grate_2,
          gammafunk_gauntlet_arena_split_diamond,
          nicolae_gauntlet_arena_quarters, gammafunk_gauntlet_arena_teeth,
          nicolae_gauntlet_swirl, gammafunk_gauntlet_arena_split_x,
          gauntlet_exit_watery]

Skill      XL: |  1  2  3  4  5  6  7  8  9 10 11 12 13 |
---------------+----------------------------------------+-----
Dodging        | 1 2 3 4 5 7 8 9 |  9.8
Fighting       | 3 4 5 6 7 8 9 10 11 | 11.8
Evocations     | 3 4 6 8 9 10 11 | 11.1
Shields        | 2 3 4 5 6 |  6.9
Poison Magic   | 3 5 8 9 10 | 10.7
Staves         | 1 4 7 9 10 | 10.3
Crossbows      | |  2.6
Spellcasting   | |  1.2
Ice Magic      | |  2.0

Action                   |  1- 3 |  4- 6 |  7- 9 | 10-12 | 13-15 || total
-------------------------+-------+-------+-------+-------+-------++-------
Melee: Club              |   172 |   109 |       |       |       ||   281
       Tailslap          |    21 |    31 |    27 |   109 |    30 ||   218
       Falchion          |       |    90 |    30 |       |       ||   120
       Short sword       |       |       |    52 |       |       ||    52
       Whip              |       |       |    79 |       |       ||    79
       Staff             |       |       |    92 |   695 |   224 ||  1011
Throw: Throwing net      |     1 |     1 |       |       |       ||     2
       Dart              |       |     9 |    54 |       |       ||    63
Invok: Recall Ancestor   |       |       |     1 |     1 |       ||     2
       Ancestor Life: He |       |       |     1 |       |       ||     1
 Abil: Breathe Dispellin |       |       |    18 |    11 |     2 ||    31
Evoke: Wand              |     3 |    12 |       |    16 |     4 ||    35
       Staff of Olgreb   |       |       |     5 |    85 |    82 ||   172
  Use: Potion            |     1 |     2 |     3 |     7 |     2 ||    15
       Scroll            |       |       |    12 |    21 |     3 ||    36
 Stab: Sleeping          |     1 |       |     2 |     2 |     6 ||    11
       Distracted        |       |       |     1 |     4 |     3 ||     8
       Confused          |       |       |       |     6 |     1 ||     7
       Invisible         |       |       |       |     3 |       ||     3
       Paralysed         |       |       |       |       |     3 ||     3
  Eat: Chunk             |     4 |    10 |    14 |    23 |    16 ||    67
       Ration            |       |       |     1 |     4 |     2 ||     7
Armor: Skin              |    55 |    65 |    60 |   153 |    43 ||   376
Dodge: Dodged            |   124 |   140 |   184 |   386 |   175 ||  1009
Block: Buckler           |       |    15 |    78 |   160 |    83 ||   336
       Large shield      |       |       |       |    51 |       ||    51
       Rpst.: Falchion   |       |    18 |     8 |       |       ||    26
